 Dungeon Crawl Stone Soup version 0.30-a0-743-gbfdf073431 (webtiles) character file.

Game seed: 11826054996379981721

32 ryw the Chopper (level 3, -1/49 HPs)
             Began as a Hill Orc Berserker on Feb 6, 2023.
             Was a Follower of Trog.
             Succumbed to a gnoll's poison
             ... on level 1 of the Dungeon.
             The game lasted 00:00:46 (392 turns).

ryw the Chopper (Hill Orc Berserker)                 Turns: 392, Time: 00:00:47

Health: -1/49      AC: 21    Str: 18 (21) XL:     3   Next: 27%
Magic:  3/3        EV:  2    Int:  5 (7)  God:    Trog [*.....]
Gold:   55         SH:  0    Dex:  9 (10) Spells: 2/2 levels left

rFire   . . .      SeeInvis .    a - +0 hand axe
rCold   . . .      Faith    .    (no shield)
rNeg    . . .      Spirit   .    (body armour currently unavailable)
rPois   +          Reflect  .    (helmet currently unavailable)
rElec   .          Harm     .    (cloak currently unavailable)
rCorr   .          Rampage  .    (gloves currently unavailable)
Will    .....      NoTele   +    (boots currently unavailable)
Stlth   +                        (no amulet)
HPRegen 0.28/turn                (no ring)
MPRegen 0.08/turn                (no ring)

@: lethally poisoned (-1 -> -6), tree-form
A: stationary, stasis, torment immunity, boosted hp
a: Renounce Religion, Berserk


You were on level 1 of the Dungeon.
You worshipped Trog.
Trog was aware of your devotion.
You were a tree.
You visited 1 branch of the dungeon, and saw 1 of its levels.

You collected 55 gold pieces.

Inventory:

Hand Weapons
 a - a +0 hand axe (weapon)
Armour
 e - a +0 scale mail (melded)
Scrolls
 d - a scroll of noise {unknown}


   Skills:
 + Level 4.1 Fighting
 + Level 4.4 Axes
 + Level 2.7 Armour
 + Level 2.0 Dodging


You had 2 spell levels left.
You didn't know any spells.
Your spell library was empty.

Dungeon Overview and Level Annotations

Branches:
Dungeon (1/15)

Altars:


Message History

You feel sick. The gnoll barely misses you.
Your Fighting skill increases to level 4!
You feel sick. The gnoll barely misses you.
You hit the gnoll.
The gnoll is lightly wounded.
You feel sick.
The gnoll hits you with a +0 spear of venom.
You are more poisoned.
You slash the gnoll!
The gnoll is almost dead.
You feel very sick.
The gnoll hits you with a +0 spear of venom.
* * * LOW HITPOINT WARNING * * *
You are lethally poisoned!
The gnoll completely misses you.
You are too injured to fight recklessly!
You are too injured to fight recklessly!
You hit the gnoll.
You kill the gnoll!
Trog accepts your kill.
* * * LOW HITPOINT WARNING * * *
You feel very sick.
Your Dodging skill increases to level 2!
You have reached level 3!
Your experience leads to an increase in your attributes!
Increase (S)trength, (I)ntelligence, or (D)exterity?
You feel stronger. x2
* * * LOW HITPOINT WARNING * * *
You feel sick.
* * * LOW HITPOINT WARNING * * *
You feel very sick.
It was a potion of lignification.
You turn into a tree.
Your +0 scale mail melds into your body.
Your roots penetrate the ground.
* * * LOW HITPOINT WARNING * * *
You feel sick.
It was a potion of degeneration.
There was something very wrong with that liquid.
You feel weakened.
You feel dopey.
You feel clumsy.
You die...

.....#) #...... # #....#.
#. #.##... ###.### #.##.#.
....... #.#.... .......
#....#. .......########
#.#....
......)..♣....######.#####
.......######).......#
....... ########## .......
#######


There were no monsters in sight!

Vanquished Creatures
  A gnoll (D:1)
  2 bats (D:1)
  3 endoplasms (D:1)
  2 goblins (D:1)
  A hobgoblin (D:1)
  4 jackals (D:1)
  2 ball pythons (D:1)
  2 frilled lizards (D:1)
  2 kobolds (D:1)
  A rat (D:1)
20 creatures vanquished.

Notes
Turn   | Place    | Note
-------+----------+-------------------------------------------
     0 | D:1      | ryw the Hill Orc Berserker began the quest for the Orb.
     0 | D:1      | Reached XP level 1. HP: 19/19 MP: 1/1
   115 | D:1      | Reached XP level 2. HP: 25/27 MP: 2/2
   389 | D:1      | Reached XP level 3. HP: 5/33 MP: 3/3
   390 | D:1      | HP: 1/33 [poisoned by a gnoll]
   392 | D:1      | Succumbed to a gnoll's poison

Illustrated notes

Levels and vault maps discovered:
D:1:      nzn_arrival_settlement, layout_loops_ring, serial_glass,
          glass_columns_a, glass_columns_a, glass_columns_a, glass_columns_a,
          glass_columns_c, glass_columns_a, glass_columns_a, glass_columns_b

Skill      XL: |  1  2 |
---------------+-------+-----
Fighting       | 4 |  4.1
Dodging        | 2 |  2.0
Axes           | |  4.4
Armour         | |  2.7

Action                     || total
---------------------------++-------
  Melee: Hand axe          ||    56
         Punch             ||     1
    Use: Potion            ||     2
 Armour: Animal skin       ||     3
         Scale mail        ||    22
  Dodge: Dodged            ||    54

Table legend: (Time is in decaauts)
 A = Elapsed time spent in this place.
 B = Non-inter-level travel time spent in this place.
 C = Inter-level travel time spent in this place.
 D = Time resting spent in this place.
 E = Time spent auto-exploring this place.
 F = Levels seen in this place.
 G = Mean time per level.
                   A        B        C        D        E       F      G
               +--------+--------+--------+--------+--------+-----+--------+
         Total |    397 |    397 |      0 |      0 |    273 |   1 |  397.0 |
       Dungeon |    397 |    397 |      0 |      0 |    273 |   1 |  397.0 |
               +--------+--------+--------+--------+--------+-----+--------+

Top non-repeatable levels by time:
     D:1: 397 daAuts
